 Dungeon Crawl Stone Soup version 0.30.0-29-ga12c61a403 (webtiles) character file.

Game seed: 12314999240245726842

15003 qw the Cleaver (level 12, 0/77 HPs)
             Began as a Gargoyle Fighter on June 3, 2023.
             Was a Priest of Okawaru.
             Slain by a demonic crawler (1 damage)
             ... on level 2 of the Lair of Beasts.
             The game lasted 00:05:45 (10474 turns).

qw the Cleaver (Gargoyle Fighter)                  Turns: 10474, Time: 00:05:46

Health: 0/77       AC: 33    Str: 23    XL:     12   Next: 22%
Magic:  18/18      EV:  9    Int: 11    God:    Okawaru [***...]
Gold:   588        SH:  6    Dex:  9    Spells: 11/11 levels left

rFire   + . .        Y - +3 war axe
rCold   . . .        c - +0 buckler
rNeg    + . .        i - +0 plate armour
rPois   inf          (no helmet)
rElec   +            a - +1 cloak
rCorr   .            q - +0 pair of gloves
SInv    .            (no boots)
Will    .....        (no amulet) Stlth
                     e - +4 ring of protection
HPRegen 0.32/turn    l - ring of protection from fire
MPRegen 0.16/turn

%: no passive effects
@: heroic
A: sickness immunity, AC +8, negative energy resistance 1, electricity
resistance, torment resistance 1, petrification resistance
a: Renounce Religion, Heroism


You were on level 2 of the Lair of Beasts.
You worshipped Okawaru.
Okawaru was most pleased with you.
You visited 2 branches of the dungeon, and saw 10 of its levels.
You also visited: Ossuary.

You collected 588 gold pieces.


Innate Abilities, Weirdness & Mutations

You are immune to sickness and miasma.
Your stone body is resilient. (AC +8)
You are immune to poison.
You resist negative energy. (rN+)
You are resistant to electric shocks. (rElec)
You are resistant to unholy torment.
You are immune to petrification.


   Skills:
 + Level 9.6(14.6) Fighting
 - Level 12.0(17.0) Axes
 - Level 1.1(6.1) Throwing
 - Level 9.1(14.1) Armour
 - Level 2.0(7.0) Dodging
 - Level 6.0(11.0) Shields
 - Level 8.5 Invocations


You had 11 spell levels left.
You didn't know any spells.
Your spell library was empty.

Inventory:

Hand Weapons
 o - a +0 morningstar
 Y - a +3 war axe (weapon)
Missiles
 m - 12 boomerangs (quivered)
Armour
 a - a +1 cloak (worn)
 c - a +0 buckler (worn)
 i - a +0 plate armour (worn)
 q - a +0 pair of gloves (worn)
Jewellery
 e - a +4 ring of protection (left hand)
 l - a ring of protection from fire (right hand)
Scrolls
 k - 3 scrolls of identify
 n - a scroll of fog {unknown}
 p - a scroll of torment {unknown}
 s - a scroll of blinking {unknown}
Potions
 b - 4 potions of lignification
 d - 4 potions of might
 g - 4 potions of mutation
 h - 2 potions of attraction
 j - a potion of resistance
 r - a potion of haste
 t - a potion of magic
 u - a potion of curing

Dungeon Overview and Level Annotations

Branches:
Dungeon (8/15)             Temple (0/1) D:7            Lair (2/5) D:8
 Spider (0/4) Lair:2      Ossuary (visited)
  Swamp: Lair:2-3    Shoals: Lair:2-3

Altars:
Dithmenos
Elyvilon
Gozag
Nemelex Xobeh
Okawaru
Sif Muna
Vehumet
Wu Jian
Xom
Yredelemnul
The Shining One

Shops:
D:2 (


Message History

The demonic crawler misses you. You block the demonic crawler's attack.
The demonic crawler hits you!
You hit the demonic crawler.
The demonic crawler is heavily wounded.
The demonic crawler closely misses you.
The demonic crawler hits you but does no damage.
The demonic crawler barely misses you.
You hit the demonic crawler.
The demonic crawler is heavily wounded.
The demonic crawler barely misses you. The demonic crawler hits you!
The demonic crawler hits you but does no damage.
You slice the demonic crawler!!
The demonic crawler is severely wounded.
You hit the demonic crawler but do no damage.
The demonic crawler is severely wounded.
The demonic crawler closely misses you. You block the demonic crawler's attack.
The demonic crawler hits you but does no damage.
You closely miss the demonic crawler.
The demonic crawler is heavily wounded.
You block the demonic crawler's attack.
The demonic crawler completely misses you.
The demonic crawler hits you but does no damage.
You hit the demonic crawler.
The demonic crawler is heavily wounded.
You block the demonic crawler's attack. The demonic crawler closely misses you.
You block the demonic crawler's attack.
You closely miss the demonic crawler.
The demonic crawler is heavily wounded.
The demonic crawler barely misses you. You block the demonic crawler's attack.
The demonic crawler hits you!
You slice the demonic crawler!!
The demonic crawler is severely wounded.
The demonic crawler hits you but does no damage.
You block the demonic crawler's attack.
The demonic crawler hits you but does no damage.
You hit the demonic crawler.
The demonic crawler is severely wounded.
The demonic crawler completely misses you.
The demonic crawler hits you.
You die...

### ### ##.## #.# #...####
###.. ###....#.# #...#
##........## ##?.##
#.......s@.#### ##....#
##............######P....#
###..............#.#.#..[...
#P........##......#..#......
#........####.......#.......
##......###
#.#.............. #.......P#
###..............
##.....#### #.#...##........
##.....## ####.####.......


You could see a demonic crawler.

Vanquished Creatures
  Harold (Lair:1)
  3 black mambas (Lair:1)
  A torpor snail (Lair:2)
  Maurice (D:8)
  4 cane toads
  A komodo dragon (Lair:1)
  6 blink frogs
  A wyvern (Lair:1)
  32 yaks
  Eustachio (D:6)
  Grum (D:8)
  A steam dragon (D:8)
  3 wargs (D:8)
  Duvessa (D:7)
  6 water moccasins
  2 black bears
  2 ice beasts
  7 wolves
  5 ogres
  2 phantoms
  A centaur (D:7)
  4 kobold brigands
  A gnoll sergeant (D:8)
  8 bullfrogs
  2 water moccasin zombies (Ossuary)
  3 wights (D:7)
  6 scorpions
  Dowan (D:7)
  An electric eel (D:6)
  A howler monkey (D:8)
  4 orc priests
  A gnoll bouda (D:5)
  3 hounds
  3 jellies
  A sleepcap (D:6)
  Jessica (D:3)
  An iguana (D:6)
  8 orc wizards
  2 mummies (Ossuary)
  5 adders
  16 gnolls
  3 ufetubi
  5 adder zombies (Ossuary)
  2 worms
  4 dart slugs
  27 orcs
  3 endoplasms
  4 giant cockroaches
  4 gnoll zombies (Ossuary)
  6 goblins
  7 hobgoblins
  29 kobolds
  2 quokkas
  3 ball pythons
  5 bats
  4 frilled lizards
  8 hobgoblin zombies (Ossuary)
  4 kobold zombies (Ossuary)
  6 orc zombies (Ossuary)
  4 rats
284 creatures vanquished.

Notes
Turn   | Place    | Note
-------+----------+-------------------------------------------
     0 | D:1      | qw the Gargoyle Fighter began the quest for the Orb.
     0 | D:1      | Reached XP level 1. HP: 14/14 MP: 1/1
     0 | D:1      | 0 ||| qw: Version: 0.2-a-103-g5a998e5
     0 | D:1      | 0 ||| qw: Game counter: 1068
     0 | D:1      | 0 ||| qw: Always use a shield: true
     0 | D:1      | 0 ||| qw: God list: Okawaru
     0 | D:1      | 0 ||| qw: Allow faded altars: false
     0 | D:1      | 0 ||| qw: Do Orc after D:15 true
     0 | D:1      | 0 ||| qw: Do second Lair branch before Depths: true
     0 | D:1      | 0 ||| qw: Lair rune preference: random
     0 | D:1      | 0 ||| qw: Plans: Normal, Zot:1-4, Slime:5, God:TSO, Crypt,
                  | Tomb, Pan, Hells, Abyss, Win
     0 | D:1      | 0 ||| PLANNING D:1-11
   202 | D:1      | Found a faded altar of an unknown god.
   204 | D:1      | 204 ||| Stepping ~*~*~tactically~*~*~ (stealth).
   210 | D:1      | Reached skill level 2 in Axes
   291 | D:1      | Reached XP level 2. HP: 19/19 MP: 2/2
   355 | D:1      | 355 ||| Stepping ~*~*~tactically~*~*~ (hiding).
   365 | D:1      | 365 ||| Stepping ~*~*~tactically~*~*~ (stealth).
   671 | D:1      | Reached skill level 3 in Axes
   726 | D:1      | 726 ||| UPGRADING to +4 ring of protection.
   727 | D:1      | 727 ||| UPGRADING to ring of protection from fire.
   728 | D:1      | 728 ||| READING 2 scrolls labelled UNAUFR FEEMO.
   729 | D:1      | 729 ||| READING scroll labelled EBO OROQU GOY.
   730 | D:1      | 730 ||| READING 3 scrolls labelled UFOLISKAERGH.
   731 | D:1      | 731 ||| READING scroll labelled ASKOTSOYFUM.
   732 | D:1      | 732 ||| READING 2 scrolls of identify.
   732 | D:1      | 732 ||| IDENTIFYING green potion
   733 | D:1      | 733 ||| DROPPING scroll of fear.
   734 | D:1      | 734 ||| DROPPING potion of flight.
   848 | D:2      | Reached XP level 3. HP: 23/23 MP: 3/3
  1029 | D:2      | Found Roceod's Antique Weapon Shop.
  1056 | D:2      | 1056 ||| SHOPLISTING runed morningstar (133 gold, have 98).
  1531 | D:2      | 1531 ||| Stepping ~*~*~tactically~*~*~ (hiding).
  1545 | D:2      | Reached XP level 4. HP: 28/28 MP: 4/4
  1586 | D:2      | 1586 ||| READING 2 scrolls labelled JOGREKA OQIRY.
  1591 | D:2      | 1591 ||| READING scroll labelled AMYRIL EXIYCK.
  1592 | D:2      | 1592 ||| READING 2 scrolls of identify.
  1592 | D:2      | 1592 ||| IDENTIFYING blue potion
  1634 | D:3      | Noticed Jessica
  1635 | D:3      | 1635 ||| Stepping ~*~*~tactically~*~*~ (hiding).
  1636 | D:3      | 1636 ||| Stepping ~*~*~tactically~*~*~ (hiding).
  1651 | D:3      | Killed Jessica
  1652 | D:3      | Reached skill level 4 in Axes
  1746 | D:3      | 1746 ||| DROPPING +0 whip.
  1824 | D:3      | 1824 ||| Stepping ~*~*~tactically~*~*~ (stealth).
  1882 | D:3      | 1882 ||| Stepping ~*~*~tactically~*~*~ (stealth).
  2006 | D:3      | 2006 ||| Stepping ~*~*~tactically~*~*~ (stealth).
  2089 | D:3      | Found a glowing golden altar of the Shining One.
  2272 | D:3      | 2272 ||| Stepping ~*~*~tactically~*~*~ (hiding).
  2542 | D:3      | 2542 ||| UPGRADING to +0 plate armour.
  2552 | D:3      | 2552 ||| DROPPING +0 scale mail.
  2553 | D:3      | 2553 ||| READING scroll labelled UFOISU XEPENKA.
  2554 | D:3      | 2554 ||| READING 2 scrolls of identify.
  2554 | D:3      | 2554 ||| IDENTIFYING lumpy silvery potion
  2582 | D:4      | Noticed a scorpion
  2591 | D:4      | Killed a scorpion
  2592 | D:4      | Reached skill level 5 in Axes
  2592 | D:4      | Reached XP level 5. HP: 32/32 MP: 5/5
  2616 | D:4      | 2616 ||| Stepping ~*~*~tactically~*~*~ (stealth).
  2659 | D:4      | Noticed an ogre
  2669 | D:4      | Killed an ogre
  2670 | D:4      | Reached XP level 6. HP: 35/39 MP: 6/6
  2734 | D:4      | 2734 ||| Stepping ~*~*~tactically~*~*~ (stealth).
  2745 | D:4      | 2745 ||| DRINKING potion of curing.
  2745 | D:4      | 2745 ||| (to cure confusion)
  2757 | D:4      | 2757 ||| STAIRDANCE
  2773 | D:3      | 2773 ||| READING 3 scrolls of identify.
  2773 | D:3      | 2773 ||| IDENTIFYING fizzy coppery potion
  2774 | D:3      | 2774 ||| READING 2 scrolls of identify.
  2774 | D:3      | 2774 ||| IDENTIFYING inky potion
  2792 | D:4      | Found a shimmering altar of Xom.
  2835 | D:4      | 2835 ||| Stepping ~*~*~tactically~*~*~ (hiding).
  2852 | D:4      | HP: 8/39 [something/magic dart (3)]
  2853 | D:4      | 2853 ||| READING 3 scrolls of teleportation.
  2854 | D:4      | 2854 ||| DRINKING potion of heal wounds.
  2862 | D:4      | HP: 8/39 [orc wizard/+0 dagger (3)]
  2863 | D:4      | 2863 ||| READING 2 scrolls of teleportation.
  2863 | D:4      | HP: 2/39 [orc/+0 flail (6)]
  2865 | D:4      | Reached skill level 6 in Axes
  2865 | D:4      | Reached XP level 7. HP: 3/44 MP: 7/7
  2973 | D:4      | 2973 ||| FLEEEEING.
  2974 | D:4      | 2974 ||| FLEEEEING.
  2975 | D:4      | 2975 ||| FLEEEEING.
  2976 | D:4      | 2976 ||| FLEEEEING.
  2977 | D:4      | 2977 ||| FLEEEEING.
  2978 | D:4      | 2978 ||| FLEEEEING.
  2979 | D:4      | 2979 ||| FLEEEEING.
  2989 | D:4      | 2989 ||| STAIRDANCE
  3016 | D:3      | 3016 ||| READING scroll labelled MOPROO SAIZIPAIRUSS.
  3026 | D:4      | Found an iron altar of Okawaru.
  3027 | D:4      | 3027 ||| PLANNING OKAWARU WORSHIP
  3041 | D:4      | 3041 ||| FLEEEEING.
  3042 | D:4      | 3042 ||| FLEEEEING.
  3043 | D:4      | 3043 ||| FLEEEEING.
  3047 | D:4      | 3047 ||| STAIRDANCE
  3092 | D:4      | Became a worshipper of Warmaster Okawaru
  3092 | D:4      | 3092 ||| PLANNING D:1-11
  3220 | D:4      | 3220 ||| Stepping ~*~*~tactically~*~*~ (stealth).
  3367 | D:4      | 3367 ||| DRINKING 2 smoky white potions.
  3465 | D:5      | Entered Level 5 of the Dungeon
  3471 | D:5      | 3471 ||| STAIRDANCE
  3471 | D:5      | HP: 10/44 [ogre/+0 giant club (12)]
  3473 | D:4      | 3473 ||| READING scroll of teleportation.
  3476 | D:4      | HP: 6/44 [hound (1)]
  3710 | D:5      | Reached skill level 7 in Axes
  3795 | D:5      | Reached * piety under Okawaru
  3878 | D:5      | 3878 ||| INVOKING Heroism.
  3879 | D:5      | 3879 ||| INVOKING Heroism.
  3888 | D:5      | Reached XP level 8. HP: 36/50 MP: 5/8
  3989 | D:5      | Found an opulent altar of Gozag.
  4030 | D:5      | Found a radiant altar of Vehumet.
  4097 | D:5      | 4097 ||| INVOKING Heroism.
  4112 | D:5      | Reached skill level 1 in Dodging
  4387 | D:5      | 4387 ||| UPGRADING to +0 pair of gloves.
  4392 | D:5      | 4392 ||| READING 2 scrolls labelled JYTWACV PAUH.
  4393 | D:5      | 4393 ||| READING scroll of enchant weapon.
  4393 | D:5      | 4393 ||| ENCHANTING +1 war axe.
  4406 | D:6      | 4406 ||| Stepping ~*~*~tactically~*~*~ (stealth).
  4407 | D:6      | 4407 ||| Stepping ~*~*~tactically~*~*~ (stealth).
  4413 | D:6      | Noticed Eustachio
  4418 | D:6      | 4418 ||| INVOKING Heroism.
  4431 | D:6      | 4431 ||| INVOKING Heroism.
  4439 | D:6      | Killed Eustachio
  4440 | D:6      | Reached skill level 8 in Axes
  4503 | D:6      | 4503 ||| INVOKING Heroism.
  4619 | D:6      | Reached skill level 6 in Fighting
  4623 | D:6      | Reached skill level 1 in Invocations
  4760 | D:6      | Reached XP level 9. HP: 55/55 MP: 9/11
  4799 | D:6      | Reached skill level 3 in Invocations
  4822 | D:6      | Found an ornate altar of the Wu Jian Council.
  4861 | D:6      | Found a white marble altar of Elyvilon.
  4862 | D:6      | Found a sparkling altar of Nemelex Xobeh.
  4862 | D:6      | Found a shadowy altar of Dithmenos.
  4862 | D:6      | Found a basalt altar of Yredelemnul.
  5165 | D:6      | 5165 ||| Stepping ~*~*~tactically~*~*~ (stealth).
  5178 | D:6      | 5178 ||| Stepping ~*~*~tactically~*~*~ (stealth).
  5200 | D:6      | Reached ** piety under Okawaru
  5203 | D:6      | 5203 ||| INVOKING Heroism.
  5209 | D:6      | Reached skill level 9 in Axes
  5250 | D:6      | 5250 ||| INVOKING Heroism.
  5626 | D:6      | 5626 ||| UPGRADING to +0 cloak.
  5631 | D:6      | 5631 ||| READING scroll labelled NOKHLO ZE JIVU.
  5752 | D:7      | 5752 ||| PLANNING OSSUARY
  5781 | D:7      | 5781 ||| INVOKING Heroism.
  5835 | D:7      | 5835 ||| Stepping ~*~*~tactically~*~*~ (stealth).
  5840 | D:7      | 5840 ||| Stepping ~*~*~tactically~*~*~ (stealth).
  5845 | D:7      | 5845 ||| Stepping ~*~*~tactically~*~*~ (hiding).
  5878 | D:7      | 5878 ||| Stepping ~*~*~tactically~*~*~ (stealth).
  5880 | D:7      | 5880 ||| Stepping ~*~*~tactically~*~*~ (stealth).
  5884 | D:7      | Reached skill level 1 in Throwing
  5907 | D:7      | 5907 ||| Stepping ~*~*~tactically~*~*~ (stealth).
  5908 | D:7      | 5908 ||| Stepping ~*~*~tactically~*~*~ (stealth).
  5909 | D:7      | 5909 ||| INVOKING Heroism.
  5915 | D:7      | Found a staircase to the Ecumenical Temple.
  5923 | D:7      | Reached skill level 6 in Armour
  5982 | D:7      | 5982 ||| INVOKING Heroism.
  6090 | D:7      | Found a sand-covered staircase.
  6120 | D:7      | 6120 ||| INVOKING Heroism.
  6130 | D:7      | Noticed Duvessa
  6136 | D:7      | Noticed Dowan
  6141 | D:7      | Reached XP level 10. HP: 55/63 MP: 13/13
  6142 | D:7      | 6142 ||| INVOKING Heroism.
  6147 | D:7      | Killed Duvessa
  6147 | D:7      | Killed Dowan
  6148 | D:7      | Reached skill level 10 in Axes
  6279 | D:7      | 6279 ||| READING 2 scrolls of identify.
  6279 | D:7      | 6279 ||| IDENTIFYING fuming blue potion
  6291 | Ossuary  | Entered an ossuary
  6468 | Ossuary  | 6468 ||| READING scroll of enchant weapon.
  6468 | Ossuary  | 6468 ||| ENCHANTING +2 war axe.
  6473 | Ossuary  | 6473 ||| DRINKING 3 amethyst potions.
  6474 | Ossuary  | 6474 ||| DRINKING 2 potions of curing.
  6474 | Ossuary  | 6474 ||| (to cure confusion)
  6475 | Ossuary  | 6475 ||| READING 4 scrolls of identify.
  6475 | Ossuary  | 6475 ||| IDENTIFYING fuming coppery potion
  6476 | Ossuary  | 6476 ||| READING 3 scrolls of identify.
  6476 | Ossuary  | 6476 ||| IDENTIFYING yellow potion
  6477 | Ossuary  | 6477 ||| READING 2 scrolls of identify.
  6477 | Ossuary  | 6477 ||| IDENTIFYING dark potion
  6478 | Ossuary  | 6478 ||| DROPPING 2 potions of ambrosia.
  6479 | Ossuary  | 6479 ||| DROPPING potion of brilliance.
  6488 | D:7      | 6488 ||| PLANNING D:1-11
  6745 | D:8      | Noticed Maurice
  6746 | D:8      | 6746 ||| Stepping ~*~*~tactically~*~*~ (hiding).
  6749 | D:8      | 6749 ||| Stepping ~*~*~tactically~*~*~ (hiding).
  6758 | D:8      | 6758 ||| DRINKING potion of cancellation.
  6766 | D:8      | Killed Maurice
  6821 | D:8      | 6821 ||| Stepping ~*~*~tactically~*~*~ (stealth).
  6828 | D:8      | Reached *** piety under Okawaru
  6872 | D:8      | 6872 ||| DROPPING +0 flail.
  6935 | D:8      | 6935 ||| Stepping ~*~*~tactically~*~*~ (hiding).
  6996 | D:8      | 6996 ||| Stepping ~*~*~tactically~*~*~ (stealth).
  7005 | D:8      | 7005 ||| INVOKING Heroism.
  7019 | D:8      | Noticed Grum
  7020 | D:8      | 7020 ||| FLEEEEING.
  7087 | D:8      | Found a staircase to the Lair.
  7108 | D:8      | 7108 ||| FLEEEEING.
  7109 | D:8      | 7109 ||| FLEEEEING.
  7118 | D:8      | 7118 ||| FLEEEEING.
  7119 | D:8      | 7119 ||| FLEEEEING.
  7120 | D:8      | 7120 ||| FLEEEEING.
  7121 | D:8      | 7121 ||| FLEEEEING.
  7123 | D:8      | 7123 ||| Stepping ~*~*~tactically~*~*~ (hiding).
  7129 | D:8      | 7129 ||| INVOKING Heroism.
  7303 | D:8      | 7303 ||| INVOKING Heroism.
  7309 | D:8      | Killed Grum
  7316 | D:8      | 7316 ||| INVOKING Heroism.
  7406 | D:8      | 7406 ||| Stepping ~*~*~tactically~*~*~ (stealth).
  7407 | D:8      | 7407 ||| Stepping ~*~*~tactically~*~*~ (stealth).
  7435 | D:8      | Found a shimmering blue altar of Sif Muna.
  7788 | D:8      | 7788 ||| PLANNING LAIR
  7788 | D:8      | 7788 ||| UPGRADING to +1 cloak.
  7798 | D:8      | 7798 ||| DROPPING +0 cloak.
  7799 | D:8      | 7799 ||| READING 2 scrolls of identify.
  7799 | D:8      | 7799 ||| IDENTIFYING fizzy orange potion
  7831 | Lair:1   | Entered Level 1 of the Lair of Beasts
  7832 | Lair:1   | 7832 ||| PLANNING GAUNTLET
  7936 | Lair:1   | 7936 ||| INVOKING Heroism.
  7941 | Lair:1   | Reached skill level 11 in Axes
  7945 | Lair:1   | Reached skill level 9 in Fighting
  7946 | Lair:1   | Reached **** piety under Okawaru
  7947 | Lair:1   | Reached XP level 11. HP: 37/71 MP: 12/14
  7951 | Lair:1   | 7951 ||| Stepping ~*~*~tactically~*~*~ (stealth).
  7964 | Lair:1   | 7964 ||| Stepping ~*~*~tactically~*~*~ (stealth).
  7981 | Lair:1   | 7981 ||| INVOKING Heroism.
  8108 | Lair:1   | 8108 ||| INVOKING Heroism.
  8228 | Lair:1   | 8228 ||| INVOKING Heroism.
  8283 | Lair:1   | 8283 ||| Stepping ~*~*~tactically~*~*~ (stealth).
  8296 | Lair:1   | 8296 ||| INVOKING Heroism.
  8302 | Lair:1   | Noticed Harold
  8311 | Lair:1   | Received a gift from Okawaru
  8314 | Lair:1   | 8314 ||| INVOKING Heroism.
  8324 | Lair:1   | Killed Harold
  8325 | Lair:1   | Reached skill level 6 in Invocations
  8427 | Lair:1   | 8427 ||| RIP GAUNTLET
  8445 | Lair:1   | 8445 ||| PLANNING LAIR
  8538 | Lair:1   | 8538 ||| INVOKING Heroism.
  8550 | Lair:1   | 8550 ||| Stepping ~*~*~tactically~*~*~ (stealth).
  8954 | Lair:1   | 8954 ||| INVOKING Heroism.
  8959 | Lair:1   | Reached skill level 12 in Axes
  9068 | Lair:1   | 9068 ||| DROPPING +6 ring of intelligence.
  9069 | Lair:1   | 9069 ||| READING scroll labelled DADIOKOILL.
  9096 | Lair:2   | 9096 ||| INVOKING Heroism.
  9123 | Lair:2   | 9123 ||| STAIRDANCE
  9125 | Lair:1   | 9125 ||| INVOKING Heroism.
  9300 | Lair:2   | 9300 ||| INVOKING Heroism.
  9325 | Lair:2   | 9325 ||| INVOKING Heroism.
  9339 | Lair:2   | Reached skill level 6 in Shields
  9357 | Lair:2   | Reached XP level 12. HP: 43/76 MP: 16/18
  9359 | Lair:2   | 9359 ||| INVOKING Heroism.
  9482 | Lair:2   | 9482 ||| Stepping ~*~*~tactically~*~*~ (stealth).
  9491 | Lair:2   | 9491 ||| INVOKING Heroism.
  9524 | Lair:2   | HP: 19/76 [demonic crawler (4)]
  9525 | Lair:2   | 9525 ||| READING 2 scrolls of teleportation.
  9526 | Lair:2   | HP: 5/76 [demonic crawler (9)]
  9528 | Lair:2   | 9528 ||| INVOKING Heroism.
  9685 | Lair:2   | 9685 ||| INVOKING Heroism.
  9767 | Lair:2   | 9767 ||| Stepping ~*~*~tactically~*~*~ (stealth).
  9781 | Lair:2   | 9781 ||| INVOKING Heroism.
  9783 | Lair:2   | Reached skill level 9 in Armour
  9996 | Lair:2   | 9996 ||| INVOKING Heroism.
 10221 | Lair:2   | Found a hole to the Spider Nest.
 10223 | Lair:2   | 10223 ||| INVOKING Heroism.
 10241 | Lair:2   | 10241 ||| INVOKING Heroism.
 10242 | Lair:2   | HP: 13/77 [demonic crawler (12)]
 10243 | Lair:2   | 10243 ||| READING scroll of teleportation.
 10448 | Lair:2   | 10448 ||| INVOKING Heroism.
 10465 | Lair:2   | HP: 18/77 [demonic crawler (9)]
 10472 | Lair:2   | HP: 1/77 [demonic crawler (11)]
 10474 | Lair:2   | Slain by a demonic crawler

Levels and vault maps discovered:
D:1:      nicolae_arrival_somewhat_less_tricky_arrival, layout_loops_ring,
          shapermc_ecumenical_altar_gd, minmay_unequal
D:2:      minmay_wonky_spiral, layout_basic, serial_shops, shop
D:3:      layout_basic, mainiacjoe_overflow_catwalk, uniq_jessica
D:4:      layout_gridville, mainiacjoe_overflow_small_starburst,
          okawaru_altar_gauntlet_db
D:5:      minmay_angry_zag, layout_gridville, mainiacjoe_overflow_cross_hatched,
          grunt_gozag_breadcrumbs, corexii_leaking_fountain,
          minmay_misc_feat_tiny
D:6:      layout_basic, chequers_temple_overflow_statue_of_worship,
          kennysheep_mini_moat, serial_bayou, serial_bayou_pond_a,
          serial_bayou_pond_e, serial_bayou_pond_c, serial_bayou_shore_b,
          minmay_misc_feat_five, grunt_decor_mini_mirrors, uniq_eustachio
D:7:      layout_cave_pools, minmay_temple_entry_antechambers,
          nicolae_ossuary_entry_false_entrances, serial_column_ruins,
          column_ruins_hut_water, column_ruins_columns_straight,
          column_ruins_grid_3, column_ruins_columns_water,
          column_ruins_corridor_T, column_ruins_columns_corner, uniq_duvessa
D:8:      layout_loops_ring, mainiacjoe_overflow_24_doors,
          erik_lair_orcish_takeover, uniq_maurice, uniq_grum
Lair:1:   layout_loops_ring, gauntlet_entry_generic, grunt_megastairs_3,
          uniq_harold
Lair:2:   layout_cave_pods, nicolae_spider_entry_non_spiders

Skill      XL: |  1  2  3  4  5  6  7  8  9 10 11 12 |
---------------+-------------------------------------+-----
Axes           | 2 3 5 6 7 8 9 11 12 | 12.0
Fighting       | 4 5 6 7 9 |  9.6
Armour         | 4 5 6 7 8 9 |  9.1
Dodging        | 1 2 |  2.0
Invocations    | 2 4 8 |  8.5
Shields        | 4 5 6 |  6.0
Throwing       | 1 |  1.1

Action                     |  1- 3 |  4- 6 |  7- 9 | 10-12 || total
---------------------------+-------+-------+-------+-------++-------
  Melee: War axe           |   118 |   115 |   304 |   562 ||  1099
  Throw: Boomerang         |       |       |     9 |    68 ||    77
 Invoke: Heroism           |       |       |    11 |    26 ||    37
    Use: Scroll            |     5 |     9 |     5 |     9 ||    28
         Potion            |       |     2 |     1 |     3 ||     6
 Armour: Scale mail        |    75 |    24 |       |       ||    99
         Plate armour      |       |    71 |   245 |   375 ||   691
  Dodge: Dodged            |    51 |    39 |    98 |   180 ||   368
  Block: Buckler           |    30 |    30 |    72 |   122 ||   254

Table legend:
 A = Non-vault XP
 B = Vault XP
 C = Vault XP percentage of total XP
 D = Non-vault monster count
 E = Vault monster count
 F = Vault count percentage of total count
                 A         B        C        D         E       F
            +---------+---------+-------+---------+---------+-------
      Total |   16382 |    5051 |  23.6 |     207 |      77 |  27.1
            +---------+---------+-------+---------+---------+-------
        D:1 |      21 |      12 |  36.4 |      11 |       5 |  31.2
        D:2 |      46 |       3 |   6.1 |      15 |       2 |  11.8
        D:3 |      48 |      37 |  43.5 |      20 |       1 |   4.8
        D:4 |     615 |      25 |   3.9 |      20 |       6 |  23.1
        D:5 |     392 |     189 |  32.5 |      14 |       3 |  17.6
        D:6 |    2043 |     196 |   8.8 |      33 |       1 |   2.9
        D:7 |    1104 |     221 |  16.7 |      27 |       2 |   6.9
        D:8 |     947 |    1697 |  64.2 |      19 |      14 |  42.4
     Lair:1 |    6035 |    2087 |  25.7 |      26 |       7 |  21.2
     Lair:2 |    5131 |     339 |   6.2 |      22 |       5 |  18.5
    Ossuary |       0 |     245 | 100.0 |       0 |      31 | 100.0
            +---------+---------+-------+---------+---------+-------
